[Event "Titled Tuesday Blitz April 25 Late 2023"]
[White "Donchenko, Alexander"]
[Black "Makaraci, Tunahan"]
[WhiteFideId "24603295"]
[BlackFideId "6356559"]
[WhiteElo "2542"]
[BlackElo "2160"]
[Result "0-1"]
[Round "03"]
[TimeControl "180+2"]
[Date "2023.04.25"]
[WhiteClock "0:00:28"]
[BlackClock "0:00:13"]

1. Nf3 d5 2. g3 c5 3. Bg2 Nc6 4. d4 Nf6 5. O-O e6 6. c4 cxd4 7. Nxd4 Bc5 8. Nb3 Bb6 9. Nc3 d4 10. Na4 e5 11. Nxb6 axb6 12. e3 d3 13. Bd2 O-O 14. Bc3 Re8 15. e4 Be6 16. c5 b5 17. Qd2 Bc4 18. Nc1 b4 19. Bxb4 Nxb4 20. Qxb4 d2 21. Qxc4 d1=Q 22. Rxd1 Qxd1+ 23. Qf1 Qd4 24. Nd3 Red8 25. Rd1 Rxa2 26. b4 Nxe4 27. Nc1 Qxf2+ 28. Qxf2 Rxd1+ 29. Qf1 Rxf1+ 30. Kxf1 Ra1 31. Bxe4 Rxc1+ 32. Ke2 Rc4 33. Bxb7 Rxb4 34. Bd5 Kf8 35. c6 Rb8 36. Kd3 Ke7 37. Kc4 Kd6 38. Bxf7 Kxc6 39. Kd3 Kd6 40. Ke3 Rf8 41. Bc4 Rc8 42. Bd3 h6 43. Bf5 Rc3+ 44. Kd2 Ra3 45. Ke1 Ra2 46. h4 Rb2 47. Kf1 Kc5 48. Be4 Kd4 49. Bf5 e4 50. Bg4 e3 51. Ke1 Rg2 0-1


[Site "https://www.chess.com"]

[Event "Titled Tuesday Blitz April 25 Late 2023"]
[White "Fressinet, Laurent"]
[Black "Roebers, Eline"]
[WhiteFideId "608742"]
[BlackFideId "1058401"]
[WhiteElo "2633"]
[BlackElo "2356"]
[Result "1-0"]
[Round "03"]
[TimeControl "180+2"]
[Date "2023.04.25"]
[WhiteClock "0:00:13"]
[BlackClock "0:00:04"]

1. d4 f5 2. Bg5 h6 3. Bh4 g5 4. e3 Nf6 5. Bg3 Bg7 6. h4 g4 7. Nc3 d6 8. Nge2 Nh5 9. Nd5 e5 10. dxe5 dxe5 11. Qd3 c6 12. Ndc3 Qxd3 13. cxd3 O-O 14. O-O-O Be6 15. d4 Nxg3 16. Nxg3 exd4 17. exd4 f4 18. Nh5 Bh8 19. g3 fxg3 20. fxg3 Nd7 21. Nf4 Bf5 22. Bd3 Nb6 23. Bxf5 Rxf5 24. Rhe1 Rd8 25. Re6 Bg7 26. Ne4 Nd5 27. Rd6 Re8 28. Nxd5 cxd5 29. Nc3 Rf3 30. Nxd5 Rxg3 31. Rg6 Kh7 32. h5 Rg2 33. Rf1 Ree2 34. Nc3 Bxd4 35. Nxe2 Rxe2 36. Rf7+ Kh8 37. Rxg4 Bxb2+ 38. Kd1 Rh2 39. Rxb7 Be5 40. Rc4 Bg7 41. Rcc7 Kh7 42. Rxg7+ 1-0


[Site "https://www.chess.com"]

[Event "Titled Tuesday Blitz April 25 Late 2023"]
[White "Ladan, Nicholas"]
[Black "Quesada Perez, Yasser"]
[WhiteFideId "30918855"]
[BlackFideId "3509362"]
[WhiteElo "2167"]
[BlackElo "2496"]
[Result "0-1"]
[Round "03"]
[TimeControl "180+2"]
[Date "2023.04.25"]
[WhiteClock "0:00:29"]
[BlackClock "0:00:47"]

1. d4 Nf6 2. Nf3 e6 3. Bf4 d5 4. e3 Bd6 5. Nbd2 O-O 6. Bd3 c5 7. c3 Bxf4 8. exf4 Qd6 9. Ne5 cxd4 10. cxd4 Nc6 11. Ndf3 Bd7 12. O-O Rfc8 13. a3 Na5 14. Qe2 Nb3 15. Rad1 a5 16. g4 Bc6 17. Qe3 a4 18. Ng5 Be8 19. h4 h6 20. Kg2 Nd7 21. Ngf3 Nxe5 22. fxe5 Qe7 23. g5 h5 24. g6 fxg6 25. Ng5 Na5 26. Qh3 Bf7 27. Rc1 Nc4 28. Bxc4 Rxc4 29. Rxc4 dxc4 30. Ne4 Be8 31. f3 Bc6 32. Nd6 Bd5 33. Qg3 Kh7 34. Kh3 g5 35. Rg1 Rf8 36. Ne4 Bxe4 37. fxe4 g4+ 38. Kh2 Rf3 39. Qg2 Qxh4+ 0-1


[Site "https://www.chess.com"]

[Event "Titled Tuesday Blitz April 25 Late 2023"]
[White "Kovalevsky, Stanislav"]
[Black "Grigorov, Grigor"]
[WhiteFideId "13508598"]
[BlackFideId "2907313"]
[WhiteElo "2174"]
[BlackElo "2510"]
[Result "1-0"]
[Round "03"]
[TimeControl "180+2"]
[Date "2023.04.25"]
[WhiteClock "0:00:16"]
[BlackClock "0:00:18"]

1. c4 e6 2. e4 d5 3. exd5 exd5 4. cxd5 Nf6 5. Nc3 Nxd5 6. Bc4 Nxc3 7. bxc3 Be7 8. Ne2 O-O 9. O-O b6 10. d4 Bb7 11. Ng3 Nd7 12. Nf5 Bf6 13. Qg4 Kh8 14. Re1 b5 15. Bxb5 Nb6 16. Bd3 Qd7 17. Qh3 g6 18. Ba3 Rfe8 19. Qh6 Qc6 20. f3 Qxc3 21. Be7 Rxe7 22. Nxe7 Qxd3 23. Kh1 Re8 24. Nxg6+ 1-0


[Site "https://www.chess.com"]

[Event "Titled Tuesday Blitz April 25 Late 2023"]
[White "Kravtsiv, Martyn"]
[Black "Kaplan, Avi Harrison"]
[WhiteFideId "14113147"]
[BlackFideId "30934559"]
[WhiteElo "2695"]
[BlackElo "1983"]
[Result "1/2-1/2"]
[Round "03"]
[TimeControl "180+2"]
[Date "2023.04.25"]
[WhiteClock "0:00:08"]
[BlackClock "0:00:05"]

1. e4 d6 2. d4 Nf6 3. Nc3 g6 4. f4 Bg7 5. Nf3 O-O 6. Be3 c6 7. Bd3 Qc7 8. Qe2 Nbd7 9. e5 Nd5 10. Nxd5 cxd5 11. O-O Nb6 12. b3 Bf5 13. Bxf5 gxf5 14. Rac1 Rac8 15. c3 a5 16. a4 Nd7 17. Kh1 Qb6 18. Qc2 dxe5 19. fxe5 Nxe5 20. Nxe5 Bxe5 21. Rxf5 Bg7 22. Rxd5 e5 23. Rb5 Qg6 24. dxe5 Rfd8 25. Qxg6 hxg6 26. c4 Rd3 27. Bb6 Re8 28. Bxa5 Bxe5 29. Rxe5 Rxe5 30. Bc7 Re7 31. Bb6 Rxb3 32. a5 Rd7 33. h3 Rbd3 34. Kh2 Rd1 35. Rc2 R1d2 36. Rc3 R7d3 37. Rc1 Rb2 38. Re1 Rdd2 39. Kh1 Kh7 40. Re7 Rxg2 41. Rxf7+ Kg8 42. Rf3 Rh2+ 43. Kg1 Rhc2 44. Bf2 Rxc4 45. Rg3 Rc6 46. h4 Rf6 47. Bd4 Rb1+ 48. Kg2 Ra6 49. Bc3 Kh7 50. Re3 Rc6 51. Re7+ Kh6 52. Bd2+ Kh5 53. Kg3 Rb3+ 54. Be3 g5 55. hxg5 Rcc3 56. Kf4 Kg6 57. Re4 Ra3 58. Bd2 Rf3+ 59. Ke5 Rf5+ 60. Ke6 Rd3 61. Re2 Rfd5 62. Bf4 Rf5 63. Be5 Rd8 64. Bf6 Re8+ 65. Be7 Rxg5 66. Rb2 Rxa5 67. Rxb7 Ra6+ 68. Kd7 Rg8 69. Bd6 Rg7+ 70. Be7 Rf6 71. Rc7 Rff7 72. Kd6 Kf5 73. Rc5+ Ke4 74. Re5+ Kd4 75. Re6 Rf5 76. Bf6+ Rxf6 77. Rxf6 Ra7 78. Rf4+ Ke3 79. Rb4 Ra6+ 80. Ke5 Rh6 81. Rb2 Kd3 82. Rg2 Kc3 83. Ke4 Re6+ 84. Kd5 Ra6 85. Rg3+ Kd2 86. Rg2+ Kd3 87. Kc5 Ra5+ 88. Kb4 Ra8 89. Rb2 Rb8+ 90. Ka3 Ra8+ 91. Kb3 Rb8+ 92. Ka3 Ra8+ 93. Kb3 Rb8+ 94. Ka3 1/2-1/2


[Site "https://www.chess.com"]

[Event "Titled Tuesday Blitz April 25 Late 2023"]
[White "Naroditsky, Daniel"]
[Black "Pesotskiy, Mikhail"]
[WhiteFideId "2026961"]
[BlackFideId "34164453"]
[WhiteElo "2633"]
[BlackElo "2131"]
[Result "1-0"]
[Round "03"]
[TimeControl "180+2"]
[Date "2023.04.25"]
[WhiteClock "0:01:47"]
[BlackClock "0:01:25"]

1. e4 e6 2. d4 d5 3. Nd2 Nf6 4. e5 Nfd7 5. Bd3 c5 6. c3 Nc6 7. Ngf3 Qb6 8. O-O cxd4 9. cxd4 Nxd4 10. Nxd4 Qxd4 11. Nf3 Qb6 12. Qa4 Qb4 13. Qc2 Qc5 14. Qe2 Qb6 15. a3 a5 16. Bf4 Be7 17. Rac1 O-O 18. h4 f6 19. exf6 Nxf6 20. Bc7 Qa7 21. Ng5 Re8 22. Bxh7+ Nxh7 23. Qh5 Nf6 24. Qf7+ Kh8 25. Be5 Bd7 26. Rc7 1-0


[Site "https://www.chess.com"]

[Event "Titled Tuesday Blitz April 25 Late 2023"]
[White "Andreikin, Dmitry"]
[Black "Averjanov, Alexey"]
[WhiteFideId "4158814"]
[BlackFideId "14109867"]
[WhiteElo "2736"]
[BlackElo "2399"]
[Result "1-0"]
[Round "03"]
[TimeControl "180+2"]
[Date "2023.04.25"]
[WhiteClock "0:00:05"]
[BlackClock "0:00:01"]

1. e4 c6 2. f4 d5 3. d3 g6 4. Nf3 Bg7 5. e5 h5 6. d4 Bg4 7. Nbd2 Nh6 8. Bd3 Nd7 9. c3 e6 10. Qb3 Qc7 11. Ng5 Bf5 12. Be2 O-O 13. Ndf3 c5 14. Be3 Ng4 15. Bg1 c4 16. Qd1 f6 17. exf6 Ngxf6 18. Be3 Ng4 19. Bd2 Rae8 20. O-O b5 21. a3 a5 22. g3 Ngf6 23. Nh4 Qd6 24. Bf3 Re7 25. Re1 Rfe8 26. Re5 Bh6 27. Qe2 Bxg5 28. fxg5 Ng4 29. Bxg4 Bxg4 30. Qe1 Kg7 31. Bf4 Qc6 32. Qe3 Bf5 33. Nxf5+ gxf5 34. Qe2 Kg6 35. Re3 Qb6 36. Kg2 b4 37. axb4 axb4 38. Kh3 b3 39. Kh4 Kg7 40. Re1 Nf8 41. Be5+ Kg8 42. Bf6 Rh7 43. Kh3 Qd6 44. Re5 h4 45. g4 Ng6 46. Qf3 Nxe5 47. Rxe5 fxg4+ 48. Qxg4 Qf8 49. Rxe6 Rxe6 50. Qxe6+ Qf7 51. Qc8+ Qf8 52. Qf5 Rg7 53. Qxd5+ Rf7 54. g6 Qc8+ 55. Kxh4 1-0


[Site "https://www.chess.com"]

[Event "Titled Tuesday Blitz April 25 Late 2023"]
[White "Koellner, Ruben Gideon"]
[Black "Chigaev, Maksim"]
[WhiteFideId "12993093"]
[BlackFideId "4108116"]
[WhiteElo "2314"]
[BlackElo "2547"]
[Result "1-0"]
[Round "03"]
[TimeControl "180+2"]
[Date "2023.04.25"]
[WhiteClock "0:00:06"]
[BlackClock "0:00:06"]

1. d4 Nf6 2. Nf3 g6 3. Nbd2 Bg7 4. e4 O-O 5. Bc4 c5 6. d5 d6 7. O-O Na6 8. a4 Nc7 9. Qe2 b6 10. Nb1 a6 11. Nc3 Bg4 12. h3 Bxf3 13. Qxf3 Nd7 14. Qe2 Qb8 15. Bg5 Re8 16. f4 e6 17. Qd3 Kh8 18. Rad1 b5 19. axb5 Nb6 20. Bb3 exd5 21. Nxd5 Nbxd5 22. Bxd5 Nxd5 23. Qxd5 Qxb5 24. Qxf7 Qc6 25. Bf6 Rg8 26. Rd5 Qe8 27. Bxg7+ Rxg7 28. Qf6 Qxe4 29. Rxd6 Kg8 30. Re6 Qxc2 31. Qe5 Rf8 32. Re8 Rf7 33. Rxf8+ Rxf8 34. Qd5+ Kg7 35. Qe5+ Kg8 36. Rf2 Qd1+ 37. Kh2 Qd4 38. Qxd4 cxd4 39. g3 Kf7 40. Rd2 Rd8 41. Kg2 Ke6 42. Kf3 Kd5 43. Ke2 Kc4 44. Rc2+ Kb3 45. Kd3 Re8 46. Rg2 Re1 47. Kxd4 Rb1 48. g4 a5 49. f5 gxf5 50. gxf5 Rh1 51. f6 Rf1 52. Ke5 Rf3 53. Ke6 a4 54. f7 Re3+ 55. Kd7 Rf3 56. Ke8 Re3+ 57. Kd7 Rf3 58. Ke7 Re3+ 59. Kf6 Rf3+ 60. Kg7 h5 61. f8=Q 1-0


[Site "https://www.chess.com"]

[Event "Titled Tuesday Blitz April 25 Late 2023"]
[White "Adla, Diego"]
[Black "Kuzubov, Yuriy"]
[WhiteFideId "100072"]
[BlackFideId "14112906"]
[WhiteElo "2377"]
[BlackElo "2496"]
[Result "0-1"]
[Round "03"]
[TimeControl "180+2"]
[Date "2023.04.25"]
[WhiteClock "0:00:18"]
[BlackClock "0:00:11"]

1. c4 e5 2. Nc3 Nf6 3. Nf3 Nc6 4. g3 d5 5. cxd5 Nxd5 6. Bg2 Nb6 7. O-O Be7 8. d3 O-O 9. Rb1 Re8 10. a3 a5 11. Be3 Be6 12. Bxb6 cxb6 13. Nd2 Rc8 14. Nc4 Bc5 15. Ne4 Bf8 16. Nc3 Nd4 17. e3 b5 18. Nxa5 Qxa5 19. exd4 exd4 20. Nd5 b4 21. Nf4 Bf5 22. Bxb7 Rb8 23. Bc6 Rec8 24. Be4 Bxe4 25. dxe4 bxa3 26. bxa3 Rxb1 27. Qxb1 Qxa3 28. Rd1 Qa4 29. Nd5 h6 30. Qd3 Re8 31. Qxd4 Rxe4 32. Qxa4 Rxa4 33. h4 h5 34. Kg2 Ra6 35. Rb1 Rd6 36. Rb5 g6 37. Ne3 Re6 38. Nc4 Bg7 39. Rb8+ Kh7 40. Rd8 Bf6 41. Rd7 Kg7 42. Nd6 Be7 43. Ne8+ Kf8 44. Nc7 Re2 45. Na6 Ra2 46. Nc7 Bc5 47. Nd5 Rxf2+ 48. Kh3 Rf5 49. Nf4 Be3 50. Nd5 Bh6 51. Nc3 Bg7 52. Ne4 Be5 53. Kg2 Kg7 54. Ng5 Ba1 55. Ra7 Bb2 56. Rb7 Bc1 57. Ne6+ Kh7 58. Nd4 Rf6 59. Nf3 Kg7 60. Ng5 Bxg5 61. hxg5 Rf5 62. Rb4 Rxg5 63. Kh3 Rf5 64. Rc4 g5 65. Rb4 f6 66. Rb8 Rd5 67. Rb7+ Kg6 68. Rb8 Rd3 69. Rg8+ Kf5 70. Kg2 Kg4 71. Rf8 Rxg3+ 0-1


[Site "https://www.chess.com"]

[Event "Titled Tuesday Blitz April 25 Late 2023"]
[White "Indjic, Aleksandar"]
[Black "Espinosa, Pedro"]
[WhiteFideId "911925"]
[BlackFideId "30921066"]
[WhiteElo "2614"]
[BlackElo "2016"]
[Result "0-1"]
[Round "03"]
[TimeControl "180+2"]
[Date "2023.04.25"]
[WhiteClock "0:00:14"]
[BlackClock "0:00:06"]

1. e4 c5 2. Nf3 d6 3. d4 cxd4 4. Nxd4 Nf6 5. Nc3 Nc6 6. Bg5 e6 7. Bb5 Bd7 8. Bxc6 bxc6 9. Qd3 Be7 10. O-O-O h6 11. Bh4 O-O 12. f4 d5 13. e5 Nh7 14. Bxe7 Qxe7 15. Nf3 c5 16. g4 Rab8 17. h4 c4 18. Qd4 Qb4 19. Ne2 Rfc8 20. Qc3 Bc6 21. Qxb4 Rxb4 22. Ned4 Bd7 23. c3 Rb7 24. f5 Nf8 25. Rh2 g6 26. f6 a5 27. g5 h5 28. Re1 Be8 29. Ree2 Nd7 30. Rd2 Nc5 31. Rhe2 Rcb8 32. Ne1 a4 33. a3 Ne4 34. Rc2 Nc5 35. Re3 Rb6 36. Rg2 R6b7 37. Rc2 Rb6 38. Kb1 R6b7 39. Ka2 Nb3 40. Nef3 Nc5 41. Rd2 Nd3 42. Rexd3 cxd3 43. Ne1 Bb5 44. Nxb5 Rxb5 45. Nf3 Kf8 46. Nd4 R5b6 47. Kb1 Ke8 48. Kc1 Kd7 49. Rf2 R8b7 50. Rd2 Rb8 51. Nf3 Kc6 52. Ne1 Kd7 53. Nxd3 Kc6 54. Ne1 Kc5 55. Nf3 Kc4 56. Nd4 Kc5 57. Kb1 R6b7 58. b4+ axb3 59. Kb2 Kc4 60. Nf3 Kc5 61. Rd4 Ra7 62. Ne1 Rba8 63. Nd3+ Kc6 64. Nb4+ Kd7 65. c4 Rxa3 66. cxd5 exd5 67. Rxd5+ Ke6 68. Rc5 Ra2+ 69. Kxb3 Rh2 70. Rc7 Rxh4 71. Re7+ Kf5 72. Rxf7 Kxe5 73. Re7+ Kd6 74. Rb7 Rh3+ 75. Kc4 Rh4+ 76. Kb5 Rg4 77. f7 Rxg5+ 78. Kb6 Rf8 79. Rc7 Rb5+ 80. Kxb5 Kxc7 81. Nd3 Rxf7 82. Kc4 Rf5 83. Kd4 Kd6 84. Ke4 Ke6 85. Nf4+ Rxf4+ 86. Kxf4 Kf6 87. Kg3 g5 0-1


[Site "https://www.chess.com"]

[Event "Titled Tuesday Blitz April 25 Late 2023"]
[White "Ghazarian, Kirk"]
[Black "Musovic, Armin"]
[WhiteFideId "30908604"]
[BlackFideId "939935"]
[WhiteElo "2346"]
[BlackElo "2322"]
[Result "1-0"]
[Round "03"]
[TimeControl "180+2"]
[Date "2023.04.25"]
[WhiteClock "0:00:16"]
[BlackClock "0:00:02"]

1. d4 d5 2. Nf3 c5 3. dxc5 Nf6 4. Bf4 Nc6 5. e3 Bg4 6. Bb5 e6 7. b4 Rc8 8. O-O Be7 9. h3 Bxf3 10. Qxf3 O-O 11. c3 Ne4 12. Bd3 e5 13. Bh2 f5 14. Qe2 a6 15. a3 Bh4 16. c4 Kh8 17. cxd5 Qxd5 18. Bxe4 fxe4 19. Nc3 Qd3 20. Qxd3 exd3 21. Rad1 Rcd8 22. Ne4 h6 23. Rd2 a5 24. b5 Ne7 25. Bxe5 Nd5 26. Rxd3 Rfe8 27. f4 Nxf4 28. Rxd8 Ne2+ 29. Kh2 Bxd8 30. Ng3 Rxe5 31. Rf8+ Kh7 32. Rxd8 Nxg3 33. Kxg3 Rxc5 34. a4 Rc4 35. Rd4 Rc3 36. Kf3 Ra3 37. g4 Kg6 38. Ke4 Kf6 39. h4 Ke6 40. h5 Ra1 41. Rc4 Kd6 42. Kf5 1-0


[Site "https://www.chess.com"]

[Event "Titled Tuesday Blitz April 25 Late 2023"]
[White "Novikova, Galina"]
[Black "Goltsev, Dmitry"]
[WhiteFideId "4157095"]
[BlackFideId "24176710"]
[WhiteElo "1953"]
[BlackElo "2336"]
[Result "0-1"]
[Round "03"]
[TimeControl "180+2"]
[Date "2023.04.25"]
[WhiteClock "0:00:19"]
[BlackClock "0:00:35"]

1. e4 e6 2. Nf3 d5 3. e5 c5 4. b4 cxb4 5. a3 Nc6 6. axb4 Bxb4 7. c3 Be7 8. d4 h5 9. Bd3 g5 10. O-O g4 11. Ne1 Nh6 12. Na3 Nf5 13. Nb5 a6 14. Na3 Bd7 15. Nac2 Rc8 16. Ne3 Nh4 17. f4 Nf5 18. Bxf5 exf5 19. Nxd5 Be6 20. Ne3 Na5 21. d5 Bc5 22. Kh1 Bxe3 23. Bxe3 Bxd5 24. Bb6 Bxg2+ 25. Nxg2 Qxb6 26. Qd3 Nc4 27. Qxf5 Qc6 28. Rae1 Qe6 29. Qe4 h4 30. f5 Qc6 31. e6 Qxe4 32. Rxe4 Nd2 33. exf7+ Kxf7 34. Ree1 Nxf1 35. Rxf1 Rxc3 36. Nf4 Rhc8 37. Ne6 Rc1 38. Kg1 Rxf1+ 39. Kxf1 Rc1+ 40. Kf2 Rc2+ 41. Kg1 Kf6 42. Nd4 Rd2 43. Nb3 Rd1+ 44. Kg2 Kxf5 45. Nc5 Rb1 46. h3 g3 0-1


[Site "https://www.chess.com"]

[Event "Titled Tuesday Blitz April 25 Late 2023"]
[White "Djokic, Mihailo"]
[Black "Skibbe, Willi"]
[WhiteFideId "976440"]
[BlackFideId "4682190"]
[WhiteElo "2294"]
[BlackElo "2176"]
[Result "1-0"]
[Round "03"]
[TimeControl "180+2"]
[Date "2023.04.25"]
[WhiteClock "0:01:56"]
[BlackClock "0:01:28"]

1. e4 e6 2. d4 d5 3. Nc3 Nf6 4. Bg5 dxe4 5. Nxe4 Nbd7 6. Nxf6+ Nxf6 7. Nf3 h6 8. Bh4 c5 9. dxc5 Qxd1+ 10. Rxd1 Bxc5 11. Bb5+ Bd7 12. Rxd7 Nxd7 13. Ne5 f6 14. Nxd7 O-O-O 15. Nxc5 Rd5 16. b4 a6 17. Bc4 Rd4 18. Bxe6+ Kc7 19. Bg3+ Kb6 20. c3 1-0


[Site "https://www.chess.com"]

[Event "Titled Tuesday Blitz April 25 Late 2023"]
[White "Wieczorek, Oskar"]
[Black "Barria Santos, Jose Guilherme"]
[WhiteFideId "1133950"]
[BlackFideId "1939300"]
[WhiteElo "2418"]
[BlackElo "2266"]
[Result "0-1"]
[Round "03"]
[TimeControl "180+2"]
[Date "2023.04.25"]
[WhiteClock "0:00:38"]
[BlackClock "0:00:10"]

1. e4 c5 2. Nf3 d6 3. d4 cxd4 4. Nxd4 Nf6 5. Nc3 a6 6. h4 e5 7. Nb3 Be7 8. Bg5 Be6 9. Bxf6 Bxf6 10. Qd2 Bxh4 11. g3 Be7 12. O-O-O Nd7 13. f4 Nf6 14. Qe1 Qc7 15. f5 Bc4 16. g4 Nxg4 17. Bxc4 Qxc4 18. Nd5 Rc8 19. c3 Bd8 20. Rg1 h5 21. Kb1 a5 22. Nc1 b5 23. a3 Nf6 24. Nxf6+ Bxf6 25. Rxd6 h4 26. Rd5 b4 27. cxb4 axb4 28. axb4 Qc2+ 29. Ka1 h3 30. Rd2 Ra8+ 31. Na2 Qb3 32. Qb1 O-O 33. Rd5 Qxb4 34. Rd3 Ra7 35. Rd7 Rfa8 36. Rxa7 Rxa7 37. Qc2 Ra8 38. Rh1 Qb5 39. Kb1 Qa6 40. Qb3 Bg5 41. Nc3 Qd3+ 42. Qc2 Ra1+ 0-1


[Site "https://www.chess.com"]

[Event "Titled Tuesday Blitz April 25 Late 2023"]
[White "Deac, Bogdan-Daniel"]
[Black "Baltic, Fatih"]
[WhiteFideId "1226380"]
[BlackFideId "12979090"]
[WhiteElo "2649"]
[BlackElo "2200"]
[Result "1-0"]
[Round "03"]
[TimeControl "180+2"]
[Date "2023.04.25"]
[WhiteClock "0:00:02"]
[BlackClock "0:00:10"]

1. b3 Nf6 2. Bb2 g6 3. Nf3 Bg7 4. g3 b6 5. Bg2 Bb7 6. c4 c5 7. O-O O-O 8. d3 d6 9. a3 Nbd7 10. b4 Qc7 11. Nbd2 Rac8 12. e4 Ne5 13. Nxe5 dxe5 14. Nb3 Nd7 15. Qe2 Qd6 16. Rfd1 Rfd8 17. b5 Nf8 18. a4 Ne6 19. a5 Rb8 20. axb6 axb6 21. Ra7 Qc7 22. Rda1 Ra8 23. Bc3 Rxa7 24. Rxa7 Ra8 25. Qa2 Qb8 26. Rxa8 Qxa8 27. Qb2 Nd4 28. Bxd4 exd4 29. f4 f5 30. e5 g5 31. fxg5 Bxe5 32. Bxb7 Qxb7 33. Qe2 Qc7 34. Nd2 Qd6 35. Nf3 Bg7 36. Nh4 e6 37. Qf3 Be5 38. Qa8+ Kg7 39. Kg2 Qe7 40. Qc6 Bc7 41. Nf3 Kf7 42. Qa8 Kg7 43. Qb7 Kf7 44. Qc6 Kg7 45. Nh4 Kf7 46. Qb7 Qd6 47. Qc8 Qe7 48. Qh8 Qxg5 49. Qxh7+ Qg7 50. Qh5+ Ke7 51. Nf3 Kd7 52. Ng5 Ke7 53. Nf3 Qf6 54. Qh7+ Qf7 55. Qh8 Qf8 56. Qh5 Qf7 57. Qh6 Qf6 58. Qh3 Qf7 59. Ng5 Qf6 60. Qh7+ Kd6 61. Nf7+ Ke7 62. Nh6+ Kd6 63. Ng8 Qd8 64. Qf7 Qd7 65. Qf8+ Ke5 66. h3 Bd6 67. Qf6# 1-0


[Site "https://www.chess.com"]

[Event "Titled Tuesday Blitz April 25 Late 2023"]
[White "Kepeshchuk, Mykhaylo"]
[Black "Gupta, Abhijeet"]
[WhiteFideId "14113139"]
[BlackFideId "5010608"]
[WhiteElo "2279"]
[BlackElo "2528"]
[Result "0-1"]
[Round "03"]
[TimeControl "180+2"]
[Date "2023.04.25"]
[WhiteClock "0:00:02"]
[BlackClock "0:00:17"]

1. d4 Nf6 2. c4 Nc6 3. Nf3 e6 4. g3 Bb4+ 5. Nbd2 d5 6. Qc2 dxc4 7. Qxc4 Qd5 8. Qxd5 exd5 9. a3 Ba5 10. Bg2 Ne4 11. b4 Bb6 12. e3 f5 13. Bb2 Be6 14. O-O Nd8 15. Nxe4 fxe4 16. Ng5 Bg4 17. f3 exf3 18. Nxf3 Nf7 19. b5 O-O 20. a4 a5 21. h3 Be6 22. Rac1 Rfe8 23. Ba3 Rad8 24. Rc3 h6 25. Rfc1 Bf5 26. Bc5 Be4 27. Bxb6 cxb6 28. Nd2 Bxg2 29. Kxg2 Nd6 30. Kf2 Re6 31. g4 h5 32. Ke2 hxg4 33. hxg4 Rde8 34. Rf1 Rh6 35. Rf2 Rh4 36. Nf3 Rxg4 37. Ne5 Rg3 38. Rc7 Re6 39. Rf3 Rg2+ 40. Kd3 Rf6 41. Rxf6 gxf6 42. Nd7 Ne4 43. Nxf6+ Nxf6 44. Rxb7 Ra2 45. Rxb6 Ne4 0-1


[Site "https://www.chess.com"]

[Event "Titled Tuesday Blitz April 25 Late 2023"]
[White "Aggelis, Nikolaos"]
[Black "Durarbayli, Vasif"]
[WhiteFideId "4213220"]
[BlackFideId "13402935"]
[WhiteElo "2189"]
[BlackElo "2551"]
[Result "1/2-1/2"]
[Round "03"]
[TimeControl "180+2"]
[Date "2023.04.25"]
[WhiteClock "0:00:14"]
[BlackClock "0:00:09"]

1. c4 c5 2. Nf3 Nf6 3. g3 b6 4. Bg2 Bb7 5. O-O e6 6. d4 cxd4 7. Qxd4 d6 8. Nc3 Be7 9. b3 O-O 10. Rd1 Nbd7 11. e4 a6 12. Ba3 Nc5 13. e5 dxe5 14. Qxd8 Rfxd8 15. Nxe5 Bxg2 16. Kxg2 Rac8 17. Bxc5 Bxc5 18. Rxd8+ Rxd8 19. Rd1 Rxd1 20. Nxd1 Ne4 21. Nd3 Bd4 22. f3 Nd2 23. Nb4 a5 24. Nc2 Bc5 25. Nc3 f5 26. Na4 Kf7 27. Nxc5 bxc5 28. Na3 e5 29. Kf2 e4 30. fxe4 Nxe4+ 31. Ke3 Nc3 32. Nb5 Nxa2 33. Nd6+ Ke6 34. Nb7 Nb4 35. Nxc5+ Ke5 36. Nd3+ Nxd3 37. Kxd3 g5 38. Ke3 Kd6 39. Kd4 h6 40. h4 Ke6 41. h5 Kd6 42. Kd3 Kc6 43. Kd4 Kd6 44. Kd3 Kc5 45. Kc3 Kb6 46. Kd4 Kc6 47. Ke5 f4 48. gxf4 gxf4 49. Kxf4 Kc5 50. Kf5 Kb4 51. Kg6 Kxb3 52. c5 a4 53. c6 a3 54. c7 a2 55. c8=Q a1=Q 56. Qe6+ Kb4 57. Qe7+ Kc4 58. Qf7+ Kc5 59. Qf5+ Kd6 60. Qf6+ Qxf6+ 61. Kxf6 Kd7 62. Kf7 Kd8 63. Kg7 Ke8 64. Kxh6 Kf8 65. Kh7 Kf7 66. h6 Kf8 67. Kg6 Kg8 68. h7+ Kh8 69. Kh6 1/2-1/2


[Site "https://www.chess.com"]

[Event "Titled Tuesday Blitz April 25 Late 2023"]
[White "Melkumyan, Hrant"]
[Black "Petrovic, Aleksa"]
[WhiteFideId "13302485"]
[BlackFideId "967629"]
[WhiteElo "2604"]
[BlackElo "2309"]
[Result "1-0"]
[Round "03"]
[TimeControl "180+2"]
[Date "2023.04.25"]
[WhiteClock "0:01:21"]
[BlackClock "0:00:10"]

1. c4 Nf6 2. Nc3 e5 3. g3 Bb4 4. Bg2 O-O 5. Nf3 Bxc3 6. dxc3 d6 7. Nd2 Nc6 8. e4 Be6 9. Qe2 Nd7 10. Nf1 f5 11. exf5 Rxf5 12. Ne3 Rf7 13. O-O a5 14. Nd5 Nc5 15. Be3 Qf8 16. Bxc5 dxc5 17. Rae1 Re8 18. Qe3 Qd6 19. Rd1 Qf8 20. Rfe1 Bg4 21. Rd2 e4 22. h3 Bf3 23. Nf4 Ne5 24. Rd5 Nxc4 25. Qxc5 Nxb2 26. Qd4 Bxg2 27. Kxg2 Nd3 28. Nxd3 exd3 29. Rxe8 Qxe8 30. Rd8 1-0


[Site "https://www.chess.com"]

[Event "Titled Tuesday Blitz April 25 Late 2023"]
[White "Babazada, Khazar"]
[Black "Rodriguez Garcia, Yuliesky"]
[WhiteFideId "13413554"]
[BlackFideId "3516660"]
[WhiteElo "2351"]
[BlackElo "2157"]
[Result "1-0"]
[Round "03"]
[TimeControl "180+2"]
[Date "2023.04.25"]
[WhiteClock "0:00:56"]
[BlackClock "0:00:04"]

1. d4 d5 2. c4 e5 3. Nf3 e4 4. Nfd2 c6 5. Nc3 Nf6 6. e3 a6 7. Be2 Bd6 8. a3 b5 9. cxd5 cxd5 10. f3 exf3 11. Nxf3 O-O 12. O-O h6 13. Bd3 Bb7 14. Bd2 Nbd7 15. Nh4 Re8 16. Nf5 Bf8 17. Qf3 g6 18. Ng3 Bg7 19. Rf2 Rf8 20. Raf1 Qe7 21. Nce2 Rac8 22. Bb4 Qd8 23. Bxf8 Qxf8 24. Nf4 Qe7 25. h4 h5 26. Ngxh5 Nxh5 27. Nxh5 Rf8 28. Nxg7 Kxg7 29. h5 Nf6 30. h6+ Kxh6 31. Qxf6 Qxe3 32. Bxg6 Qg5 33. Qxg5+ Kxg5 34. Rxf7 1-0


[Site "https://www.chess.com"]

[Event "Titled Tuesday Blitz April 25 Late 2023"]
[White "Samsonkin, Artiom"]
[Black "Jaskolka, Tomasz"]
[WhiteFideId "13503111"]
[BlackFideId "1170791"]
[WhiteElo "2524"]
[BlackElo "2155"]
[Result "0-1"]
[Round "03"]
[TimeControl "180+2"]
[Date "2023.04.25"]
[WhiteClock "0:00:05"]
[BlackClock "0:00:06"]

1. e4 c5 2. Nc3 e6 3. Nf3 Nc6 4. Bb5 Nd4 5. O-O a6 6. Bc4 Qc7 7. a4 b6 8. d3 Bb7 9. Ba2 g6 10. Nxd4 cxd4 11. Ne2 Bg7 12. f4 Ne7 13. Kh1 f5 14. e5 Nc6 15. c3 dxc3 16. bxc3 O-O 17. Ba3 Rfc8 18. Bd6 Qd8 19. Rb1 Bf8 20. Bxf8 Kxf8 21. Qb3 b5 22. Rb2 Ne7 23. Nd4 Qb6 24. axb5 axb5 25. Nxb5 Rcb8 26. Qb4 Bc6 27. Bc4 Bxb5 28. Bxb5 Kf7 29. c4 Qd4 30. Qd2 Nc6 31. Rbb1 Qc5 32. Bxc6 Qxc6 33. Rxb8 Rxb8 34. Qf2 Kg7 35. Qh4 Qc5 36. Qf6+ Kg8 37. Qh4 Qe3 38. Qg3 Qe2 39. Re1 Qd2 40. h4 Rb3 41. Re3 Rb1+ 42. Kh2 Qd1 43. Qf2 Qh1+ 44. Kg3 Rd1 45. Qb2 Kg7 46. c5 Re1 47. Qd2 Rg1 48. Re2 Rf1 49. Qe3 Rd1 50. Qd4 Qf1 51. Qxd7+ Kh6 52. Qd4 Qxe2 53. c6 Rxd3+ 54. Qxd3 Qxd3+ 55. Kh2 Qc4 56. c7 Qxc7 0-1


[Site "https://www.chess.com"]

[Event "Titled Tuesday Blitz April 25 Late 2023"]
[White "Karamsetty, Jeevan"]
[Black "Mekhitarian, Krikor Sevag"]
[WhiteFideId "2025337"]
[BlackFideId "2107660"]
[WhiteElo "2111"]
[BlackElo "2604"]
[Result "0-1"]
[Round "03"]
[TimeControl "180+2"]
[Date "2023.04.25"]
[WhiteClock "0:00:01"]
[BlackClock "0:00:11"]

1. e4 c5 2. Nc3 e6 3. g3 d5 4. exd5 exd5 5. d4 cxd4 6. Qxd4 Nf6 7. Bg5 Be7 8. O-O-O Nc6 9. Qa4 Be6 10. Bg2 O-O 11. Nge2 Qb6 12. Rhf1 Rfd8 13. Be3 Qc7 14. Nb5 Qc8 15. Nbd4 Bd7 16. Nxc6 bxc6 17. Qa5 Qb7 18. Bc5 Bxc5 19. Qxc5 Rab8 20. b3 Bg4 21. f3 Nd7 22. Qd4 Be6 23. Nf4 c5 24. Qd2 Nb6 25. Nxe6 fxe6 26. Bh3 e5 27. Be6+ Kh8 28. Rfe1 Qa6 29. c3 Nc4 30. Qc2 Qxe6 31. bxc4 d4 32. cxd4 cxd4 33. f4 Qb6 34. Rxe5 d3 35. Rxd3 Qg1+ 36. Kd2 Qxh2+ 37. Re2 Qxg3 38. Rxd8+ Rxd8+ 39. Kc1 Qxf4+ 40. Kb2 Rb8+ 41. Ka3 Qd6+ 42. Ka4 Qa6# 0-1


[Site "https://www.chess.com"]